SL
PHOENIX HOTSPUR @ AUSTIN RANGERS
09/14/2025
 
TOP OF THE 1ST
Phoenix Hotspur batting - Pitching for Austin Rangers : RHP Art Adams
Pitching: RHP Art Adams
Batting: LHB Noel Ballard 0-0: Ground out 4-3 (Groundball, 34)
Batting: RHB Gabriel Pérez 0-0: Bunt for hit - play at first, batter safe!
Batting: RHB Cale Sutton 0-0: Ball
1-0: Ball
2-0: Ball
3-0: Base on Balls
Gabriel Pérez to second
Batting: RHB Martín Martínez 0-0: Ball
1-0: Swinging Strike
1-1: Ball
2-1: Foul Ball, location: 2F
2-2: SINGLE (Flyball, 7LS)
Gabriel Pérez to third
Cale Sutton to second
Runner from 3rd tries for Home, SAFE, no throw
Batting: RHB Raúl Robles 0-0: Foul Ball, location: 2F
0-1: Ball
1-1: Ball
2-1: Ball
3-1: Called Strike
3-2: SINGLE (Groundball, 56D)
Cale Sutton to third
Martín Martínez to second
Cale Sutton scores
Martín Martínez to third
Batting: RHB Randy Rehling 0-0: Called Strike
0-1: Ground out 4-3 (Groundball, 34S)
Martín Martínez scores
Raúl Robles to second
Batting: SHB Pedro Gómez 0-0: Fly out, F7 (Flyball, 78D)
Top of the 1st over - 3 run(s), 3 hit(s), 0 error(s), 1 left on base; Phoenix 3 - Austin 0
BOTTOM OF THE 1ST
Austin Rangers batting - Pitching for Phoenix Hotspur : RHP Pablo De La Torre
Pitching: RHP Pablo De La Torre
Batting: RHB José Muńóz 0-0: Foul Ball, location: 2F
0-1: Called Strike
0-2: Ball
1-2: Ball
2-2: Ball
3-2: Foul Ball, location: 2F
3-2: Foul Ball, location: 2F
3-2: Ground out 5-3 (Groundball, 56)
Batting: SHB Ricardo Pérez 0-0: Foul Ball, location: 2F
0-1: Ball
1-1: SINGLE (Groundball, 56D)
Batting: LHB Jesús Reyes 0-0: Ball
Ricardo Pérez is caught stealing 2nd base
1-0: Ball
2-0: Called Strike
2-1: Ball
3-1: Called Strike
3-2: Strikes out swinging
Bottom of the 1st over - 0 run(s), 1 hit(s), 0 error(s), 0 left on base; Phoenix 3 - Austin 0
TOP OF THE 2ND
Phoenix Hotspur batting - Pitching for Austin Rangers : RHP Art Adams
Batting: RHB Luis Muńóz 0-0: Ball
1-0: Ball
2-0: Called Strike
2-1: Ball
3-1: Called Strike
3-2: DOUBLE (Line Drive, 8RD)
Batting: LHB Shojiro Ueda 0-0: Called Strike
0-1: Called Strike
0-2: Ball
1-2: Ball
2-2: Reached on error, E6 (Groundball, 6)
Luis Muńóz to third
Batting: LHB Noel Ballard 0-0: Ball
1-0: Ball
2-0: Called Strike
2-1: Foul Ball, location: 2F
2-2: Ball
3-2: Fielders Choice at 2nd, 6-4 (Groundball, 6)
Luis Muńóz scores
Batting: RHB Gabriel Pérez 0-0: Called Strike
0-1: Foul Ball, location: 2F
0-2: Foul Ball, location: 2F
0-2: Ball
1-2: Foul Ball, location: 2F
1-2: Ball
2-2: Foul Ball, location: 2F
2-2: Ball
3-2: Base on Balls
Noel Ballard to second
Batting: RHB Cale Sutton 0-0: Called Strike
Noel Ballard steals 3rd base
Gabriel Pérez to second
0-1: Ground out 5-3 (Groundball, 5)
Batting: RHB Martín Martínez 0-0: Foul Ball, location: 2F
0-1: Swinging Strike
0-2: Ball
1-2: Strikes out swinging
Top of the 2nd over - 1 run(s), 1 hit(s), 1 error(s), 2 left on base; Phoenix 4 - Austin 0
BOTTOM OF THE 2ND
Austin Rangers batting - Pitching for Phoenix Hotspur : RHP Pablo De La Torre
Batting: LHB Count Dante 0-0: Called Strike
0-1: Ground out U3 (Groundball, 34)
Batting: LHB Yun Yen 0-0: Ball
1-0: Ground out 3-1 (Groundball, 34)
Batting: RHB Jeff Green 0-0: Ball
1-0: Foul Ball, location: 2F
1-1: Called Strike
1-2: Strikes out swinging
Bottom of the 2nd over - 0 run(s), 0 hit(s), 0 error(s), 0 left on base; Phoenix 4 - Austin 0
TOP OF THE 3RD
Phoenix Hotspur batting - Pitching for Austin Rangers : RHP Art Adams
Batting: RHB Raúl Robles 0-0: Called Strike
0-1: Ball
1-1: Swinging Strike
1-2: Foul Ball, location: 2F
1-2: Ground out 6-3 (Groundball, 56)
Batting: RHB Randy Rehling 0-0: Ball
1-0: Swinging Strike
1-1: Fly out, F7 (Flyball, 78S)
Batting: SHB Pedro Gómez 0-0: Ball
1-0: Foul Ball, location: 2F
1-1: Ball
2-1: Ball
3-1: Base on Balls
Batting: RHB Luis Muńóz 0-0: Ball
1-0: Called Strike
Pedro Gómez steals 2nd base
1-1: Ball
2-1: Foul Ball, location: 2F
2-2: Ground out 6-3 (Groundball, 6)
Top of the 3rd over - 0 run(s), 0 hit(s), 0 error(s), 1 left on base; Phoenix 4 - Austin 0
BOTTOM OF THE 3RD
Austin Rangers batting - Pitching for Phoenix Hotspur : RHP Pablo De La Torre
Batting: SHB Carlos Kramer 0-0: Called Strike
0-1: Foul Ball, location: 2F
0-2: Ball
1-2: Reached on error, E4 (Groundball, 34)
Batting: RHB Matt Sheppard 0-0: Ball
1-0: Ball
2-0: Foul Ball, location: 2F
2-1: Foul Ball, location: 2F
2-2: Strikes out swinging
Batting: SHB Xavier Vásquez 0-0: Hit by Pitch
Carlos Kramer to second
Batting: RHB José Muńóz 0-0: Ball
1-0: Ball
2-0: Fly out, F6 (Popup, 6MS)
Pitching: RHP Donald Gregory
Batting: SHB Ricardo Pérez 0-0: Foul Ball, location: 2F
0-1: Ground out U3 (Groundball, 34)
Bottom of the 3rd over - 0 run(s), 0 hit(s), 1 error(s), 2 left on base; Phoenix 4 - Austin 0
TOP OF THE 4TH
Phoenix Hotspur batting - Pitching for Austin Rangers : RHP Art Adams
Batting: LHB Shojiro Ueda 0-0: Fly out, F8 (Flyball, 8LM)
Batting: LHB Noel Ballard 0-0: Ball
1-0: Foul Ball, location: 2F
1-1: Ball
2-1: Ground out 6-3 (Groundball, 56)
Batting: RHB Gabriel Pérez 0-0: Foul Ball, location: 2F
0-1: Ball
1-1: Swinging Strike
1-2: Ball
2-2: Foul Ball, location: 2F
2-2: Ground out 6-3 (Groundball, 6)
Top of the 4th over - 0 run(s), 0 hit(s), 0 error(s), 0 left on base; Phoenix 4 - Austin 0
BOTTOM OF THE 4TH
Austin Rangers batting - Pitching for Phoenix Hotspur : RHP Donald Gregory
Batting: LHB Jesús Reyes 0-0: SINGLE (Flyball, 9S)
Batting: LHB Count Dante 0-0: Fielders Choice at 2nd, 3-6 (Groundball, 3)
Batting: LHB Yun Yen 0-0: Fly out, F8 (Flyball, 8LS)
Batting: RHB Jeff Green 0-0: Ball
1-0: Called Strike
1-1: Called Strike
1-2: Strikes out swinging
Bottom of the 4th over - 0 run(s), 1 hit(s), 0 error(s), 1 left on base; Phoenix 4 - Austin 0
TOP OF THE 5TH
Phoenix Hotspur batting - Pitching for Austin Rangers : RHP Art Adams
Batting: RHB Cale Sutton 0-0: Fly out, F7 (Flyball, 7LDF)
Batting: RHB Martín Martínez 0-0: Ball
1-0: Foul Ball, location: 2F
1-1: Swinging Strike
1-2: Ball
2-2: Foul Ball, location: 2F
2-2: Ball
3-2: Strikes out swinging
Batting: RHB Raúl Robles 0-0: Called Strike
0-1: Foul Ball, location: 2F
0-2: Ball
1-2: Fly out, F8 (Flyball, 8LS)
Top of the 5th over - 0 run(s), 0 hit(s), 0 error(s), 0 left on base; Phoenix 4 - Austin 0
BOTTOM OF THE 5TH
Austin Rangers batting - Pitching for Phoenix Hotspur : RHP Donald Gregory
Batting: SHB Carlos Kramer 0-0: Foul Ball, location: 2F
0-1: Ball
1-1: DOUBLE (Line Drive, 7D)
Batting: RHB Matt Sheppard 0-0: Ball
1-0: Foul Ball, location: 2F
1-1: Ball
2-1: Foul Ball, location: 2F
2-2: Fly out, F9 (Flyball, 9LM)
Batting: SHB Xavier Vásquez 0-0: Foul Ball, location: 2F
0-1: Ball
1-1: Foul Ball, location: 2F
1-2: Foul Ball, location: 2F
1-2: Strikes out swinging
Batting: RHB José Muńóz 0-0: Ball
1-0: Foul Ball, location: 2F
1-1: 2-RUN HOME RUN (Flyball, 8LXD), Distance : 436 ft
Batting: SHB Ricardo Pérez 0-0: Called Strike
0-1: Foul Ball, location: 2F
0-2: Ball
1-2: Ball
2-2: Ground out 1-3 (Groundball, 13)
Bottom of the 5th over - 2 run(s), 2 hit(s), 0 error(s), 0 left on base; Phoenix 4 - Austin 2
TOP OF THE 6TH
Phoenix Hotspur batting - Pitching for Austin Rangers : RHP Art Adams
Batting: RHB Randy Rehling 0-0: Foul Ball, location: 2F
0-1: Ball
1-1: Fly out, F3 (Line Drive, 34)
Batting: SHB Pedro Gómez 0-0: Called Strike
0-1: SINGLE (Groundball, 4D)
Batting: RHB Luis Muńóz 0-0: Ball
1-0: Called Strike
1-1: SINGLE (Groundball, 6) (infield hit)
Pedro Gómez to second
Batting: LHB Shojiro Ueda 0-0: Called Strike
Pedro Gómez steals 3rd base
Luis Muńóz to second
0-1: Ball
1-1: Fly out, F8 (Flyball, 8RD)
Runner from 3rd tags up, SCORES, no throw
Pitching: RHP Angus Barlow
Batting: LHB Noel Ballard 0-0: Called Strike
0-1: Ball
1-1: Called Strike
1-2: Ground out 5-3 (Groundball, 5)
Top of the 6th over - 1 run(s), 2 hit(s), 0 error(s), 1 left on base; Phoenix 5 - Austin 2
BOTTOM OF THE 6TH
Austin Rangers batting - Pitching for Phoenix Hotspur : RHP Donald Gregory
Batting: LHB Jesús Reyes 0-0: Ball
1-0: Fly out, F9 (Flyball, 9S)
Batting: LHB Count Dante 0-0: Ball
1-0: Ball
2-0: Called Strike
2-1: Called Strike
2-2: Ball
3-2: Strikes out swinging
Batting: LHB Yun Yen 0-0: Ball
1-0: Ball
2-0: Called Strike
2-1: Swinging Strike
2-2: Foul Ball, location: 2F
2-2: Foul Ball, location: 2F
2-2: Ground out 6-3 (Groundball, 6)
Bottom of the 6th over - 0 run(s), 0 hit(s), 0 error(s), 0 left on base; Phoenix 5 - Austin 2
TOP OF THE 7TH
Phoenix Hotspur batting - Pitching for Austin Rangers : RHP Angus Barlow
Batting: RHB Gabriel Pérez 0-0: Called Strike
0-1: Ball
1-1: Ground out 5-3 (Groundball, 56)
Batting: RHB Cale Sutton 0-0: Ball
1-0: Swinging Strike
1-1: Fly out, F9 (Flyball, 89M)
Batting: RHB Martín Martínez 0-0: Called Strike
0-1: Ball
1-1: Ball
2-1: Fly out, F7 (Flyball, 7)
Top of the 7th over - 0 run(s), 0 hit(s), 0 error(s), 0 left on base; Phoenix 5 - Austin 2
BOTTOM OF THE 7TH
Austin Rangers batting - Pitching for Phoenix Hotspur : RHP Donald Gregory
Batting: RHB Jeff Green 0-0: Called Strike
0-1: Ball
1-1: Swinging Strike
1-2: Ball
2-2: SINGLE (Line Drive, 6D)
Batting: SHB Carlos Kramer 0-0: Ball
1-0: Fly out, F7 (Line Drive, 78M)
Batting: RHB Matt Sheppard 0-0: Ball
1-0: Ball
2-0: Ball
3-0: Called Strike
3-1: Foul Ball, location: 2F
3-2: SINGLE (Groundball, 34D)
Jeff Green to second
Batting: SHB Xavier Vásquez 0-0: Ball
1-0: Ball
2-0: Fielders Choice at 2nd, 3-6 (Groundball, 34)
Jeff Green to third
Batting: RHB José Muńóz 0-0: Swinging Strike
0-1: Ball
1-1: Foul Ball, location: 2F
1-2: Ball
2-2: 3-RUN HOME RUN (Line Drive, 78XD), Distance : 393 ft
Pitching: RHP Scott William
Batting: SHB Ricardo Pérez 0-0: Ball
1-0: Ball
2-0: Called Strike
2-1: Called Strike
2-2: Foul Ball, location: 2F
2-2: Ball
3-2: Ground out U3 (Groundball, 34)
Bottom of the 7th over - 3 run(s), 3 hit(s), 0 error(s), 0 left on base; Phoenix 5 - Austin 5
TOP OF THE 8TH
Phoenix Hotspur batting - Pitching for Austin Rangers : RHP Angus Barlow
Batting: RHB Raúl Robles 0-0: Called Strike
0-1: Ball
1-1: Ball
2-1: Ground out 6-3 (Groundball, 6S)
Batting: RHB Randy Rehling 0-0: Ball
1-0: Called Strike
1-1: Ball
2-1: Called Strike
2-2: Ball
3-2: Base on Balls
Batting: SHB Pedro Gómez 0-0: Called Strike
Randy Rehling is caught stealing 2nd base
0-1: Ball
1-1: Ball
2-1: Called Strike
2-2: Foul Ball, location: 2F
2-2: Foul Ball, location: 2F
2-2: Ball
3-2: SINGLE (Line Drive, 8LS)
Batting: RHB Luis Muńóz 0-0: Called Strike
0-1: Foul Ball, location: 2F
0-2: Ball
1-2: Ball
2-2: Ball
3-2: Foul Ball, location: 2F
3-2: Foul Ball, location: 2F
3-2: Strikes out swinging
Top of the 8th over - 0 run(s), 1 hit(s), 0 error(s), 1 left on base; Phoenix 5 - Austin 5
BOTTOM OF THE 8TH
Austin Rangers batting - Pitching for Phoenix Hotspur : RHP Scott William
Batting: LHB Jesús Reyes 0-0: Ball
1-0: Foul Ball, location: 2F
1-1: Ball
2-1: Ball
3-1: Foul Ball, location: 2F
3-2: Foul Ball, location: 2F
3-2: Base on Balls
Batting: LHB Count Dante 0-0: Called Strike
0-1: Ball
1-1: Swinging Strike
1-2: Ball
2-2: Fielders Choice at 2nd, 6-4 (Groundball, 6M)
Batting: LHB Yun Yen 0-0: Ball
1-0: Foul Ball, location: 2F
1-1: Foul Ball, location: 2F
1-2: Ball
2-2: DOUBLE (Flyball, 8LXD)
Count Dante to third
Batting: RHB Jeff Green 0-0: Fly out, F3 (Popup, 3L)
Batting: SHB Carlos Kramer 0-0: Ball
1-0: Ball
2-0: Foul Ball, location: 2F
2-1: DOUBLE (Flyball, 7LD)
Count Dante scores
Yun Yen scores
Batting: RHB Matt Sheppard 0-0: Foul Ball, location: 2F
0-1: SINGLE (Line Drive, 78S)
Carlos Kramer to third
Runner from 3rd tries for Home, SAFE, throw made home
Matt Sheppard to second
Pitching: RHP Jaime van de Weideven
Batting: SHB Xavier Vásquez 0-0: Ball
1-0: Called Strike
1-1: Foul Ball, location: 2F
1-2: Ground out 4-3 (Groundball, 4)
Bottom of the 8th over - 3 run(s), 3 hit(s), 0 error(s), 1 left on base; Phoenix 5 - Austin 8
TOP OF THE 9TH
Phoenix Hotspur batting - Pitching for Austin Rangers : RHP Angus Barlow
Pitching: RHP Júlio Rodríguez
Batting: LHB Shojiro Ueda 0-0: Called Strike
0-1: Ball
1-1: Ball
2-1: Called Strike
2-2: Strikes out swinging
Batting: LHB Noel Ballard 0-0: Ball
1-0: Foul Ball, location: 2F
1-1: Swinging Strike
1-2: Ball
2-2: Foul Ball, location: 2F
2-2: SINGLE (Line Drive, 78S)
Batting: RHB Gabriel Pérez 0-0: Reached on error, E6 (Groundball, 6)
Noel Ballard to second
Batting: RHB Cale Sutton 0-0: Called Strike
0-1: Foul Ball, location: 2F
0-2: Ball
1-2: Ball
2-2: Strikes out swinging
Batting: RHB Martín Martínez 0-0: Foul Ball, location: 2F
0-1: Foul Ball, location: 2F
0-2: Foul Ball, location: 2F
0-2: SINGLE (Line Drive, 8RS)
Noel Ballard to third
Gabriel Pérez to second
Runner from 3rd tries for Home, SAFE, no throw
Batting: RHB Raúl Robles 0-0: Fielders Choice at 2nd, 5-4 (Groundball, 56)
Top of the 9th over - 1 run(s), 2 hit(s), 1 error(s), 1 left on base; Phoenix 6 - Austin 8
Friday, December 30th, 2016 - OOTP Baseball 17.12 Build 75